[Event "Late-Titled-Tuesday-Blitz-October-03-2023"]
[Site "Chess.com"]
[Date "2023.10.03"]
[Round "3"]
[White "KafkaesqueKnight"]
[Black "Djager97"]
[Result "0-1"]
[WhiteElo "2329"]
[BlackElo "2550"]
[TimeControl "180+1"]
[EndTime "14:26:44 PDT"]
[Termination "Djager97 won by resignation"]

1. d4 Nf6 2. c4 c5 3. d5 d6 4. Nc3 g6 5. e4 Bg7 6. f4 O-O 7. Nf3 e6 8. dxe6 fxe6 9. Be2 Nc6 10. O-O b6 11. Re1 Bb7 12. Bf1 Nh5 13. g3 Nd4 14.
Nxd4 cxd4 15. Nb5 e5 16. f5 a6 17. Na3 Nf6 18. fxg6 Nxe4 19. gxh7+ Kh8 20. Bg2 Nf2 21. Qh5 e4 22. Bh6 Qf6 23. Bxg7+ Qxg7 24. Nc2 d3 25.
Ne3 d2 26. Re2 Qxb2 27. Rf1 Nd3 28. Rd1 Rf6 29. Rdxd2 Qd4 30. Kh1 Raf8 31. h3 Rf2 32. Kh2 Rxe2 33. Rxe2 Qe5 34. Ng4 Qxh5 0-1

[Event "Late-Titled-Tuesday-Blitz-October-03-2023"]
[Site "Chess.com"]
[Date "2023.10.03"]
[Round "3"]
[White "StarkyNZ"]
[Black "NMJeevanK"]
[Result "0-1"]
[WhiteElo "2308"]
[BlackElo "2538"]
[TimeControl "180+1"]
[EndTime "14:26:44 PDT"]
[Termination "NMJeevanK won by resignation"]

1. c4 c5 2. Nc3 Nc6 3. g3 b6 4. Bg2 Bb7 5. Nf3 Nf6 6. O-O e6 7. d4 Nxd4 8. Nxd4 Bxg2 9. Nxe6 fxe6 10. Kxg2 d5 11. Bg5 d4 12. Ne4 Be7 13. Bxf6 Bxf6 14.
Qd3 O-O 15. Rad1 e5 16. f3 Qd7 17. b3 Rae8 18. a4 Bd8 19. Nc3 Re6 20. Nd5 Rh6 21. g4 Bg5 22. Qe4 Qd6 23. h3 Rh4 24. e3 h5 25.
exd4 cxd4 26. Rde1 Qh6 27. Rh1 Re8 28. Qf5 Bf6 29.
Re2 Rf8 30. Qe6+ Kh8 31. Nxf6 gxf6 32. Rxe5 hxg4 33. fxg4 fxe5 34. Qxe5+ Qg7 35. Qxg7+ Kxg7 36. Rd1 Rd8 37. Kg3 Rh6 38. Rd3 Re6 39. Kf4 Rf8+ 40. Kg5 Re5+ 41. Kh4 Rd8 42. g5 Re3 43. Rd2 d3 44. Kg4 Re2 45. Rd1 d2 0-1

[Event "Late-Titled-Tuesday-Blitz-October-03-2023"]
[Site "Chess.com"]
[Date "2023.10.03"]
[Round "3"]
[White "falzehope0"]
[Black "reevecanada"]
[Result "0-1"]
[WhiteElo "2363"]
[BlackElo "2561"]
[TimeControl "180+1"]
[EndTime "14:26:46 PDT"]
[Termination "reevecanada won on time"]

1. d4 d5 2. e3 Nf6 3. Bd3 c5 4.
c3 Nc6 5. f4 e6 6. Nf3 b6 7. O-O a5 8. Qe2 c4 9. Bc2 b5 10. Nbd2 b4 11. e4 Ba6 12. Ba4 Qb6 13.
exd5 Nxd5 14. Ne5 Rc8 15. Bxc6+ Rxc6 16. Nxc6 Qxc6 17. f5 bxc3 18. fxe6 cxd2 19. exf7+ Kd8 20. Bxd2 Be7 21. Bxa5+ Kc8 22. Qg4+ Kb7 23. Qxg7 Rf8 24. Qxh7 Bf6 25. Bc3 Ka8 26. Rae1 Bb7 27. Rf2 Qd7 28. Qg8 Qxf7 29. Qxf7 Rxf7 30. Ref1 Kb8 31. Rf5 Kc7 32. R1f2 Kd7 33. g3 Ke6 34. a4 Rg7 35. Rxf6+ Nxf6 36. d5+ Kxd5 37. Rxf6 Rd7 38. Rf1 Ke4 39.
Re1+ Kf3 40. Rf1+ Ke2 41. Rf2+ Ke3 42. Rf1 Ke2 43. Re1+ Kf3 44. a5 Rd5 45. Rf1+ Ke2 46. Re1+ Kf3 47. Rf1+ Ke2 48. h4 Rd3 49. Rf2+ Ke3 50.
Rf4 Ke2 51. Kh2 Rd1 52. Kh3 Bf3 0-1

[Event "Late-Titled-Tuesday-Blitz-October-03-2023"]
[Site "Chess.com"]
[Date "2023.10.03"]
[Round "3"]
[White "alfianasybullina"]
[Black "ThePeasant98"]
[Result "1-0"]
[WhiteElo "2420"]
[BlackElo "2174"]
[TimeControl "180+1"]
[EndTime "14:26:47 PDT"]
[Termination "alfianasybullina won by resignation"]

1. d4 Nf6 2. Nf3 d5 3. Bg5 Nbd7 4. Nbd2 h6 5. Bh4 c5 6. e3 e6 7. c3 Be7 8. Bd3 b6 9. O-O Bb7 10. Qe2 O-O 11. Ne5 Nxe5 12. dxe5 Nd7 13. Bg3 c4 14. Bc2 Qc7 15. e4 dxe4 16. Bxe4 Bxe4 17. Qxe4 b5 18. a4 Nc5 19. Qe2 Nxa4 20. Nxc4 Nxc3 21. bxc3 bxc4 22.
Ra4 Rfc8 23. Rfa1 Bc5 24. h4 Bb6 25. Kh2 Qc5 26. f3 Rc7 27. Rd1 Rac8 28. Rd2 Qe3 29. Ra3 Qxe2 30. Rxe2 Rd7 31. Re4 Rd3 32. Kh3 Re3 33.
Rxe3 Bxe3 34. Kg4 f6 35. exf6 gxf6 36. Bd6 Kf7 37. Ra4 Bb6 38. Bf4 Kg7 39. Kh5 Rc5+ 40.
Kg4 Kg6 41. h5+ Rxh5 42. Rxc4 Rd5 43. Kh3 h5 44. Rc8 e5 45. Bg3 Rc5 46. Rg8+ Kf7 47.
Rh8 Rxc3 48. Rxh5 a5 49. Rh7+ Kg6 50. Rb7 Rb3 51. Bf2 a4 52. Rxb6 Rxb6 53. Bxb6 a3 54. Ba5 f5 55. Bc3 e4 56. Kg3 e3 57. f4 a2 58. Kf3 e2 59. Kxe2 Kh5 60. Kf3 Kh4 61. Ba1 Kh5 62. g3 Kg6 63. g4 fxg4+ 64. Kxg4 Kf7 65.
Kf5 1-0

[Event "Late-Titled-Tuesday-Blitz-October-03-2023"]
[Site "Chess.com"]
[Date "2023.10.03"]
[Round "3"]
[White "Levanzovsky"]
[Black "Hilary46"]
[Result "0-1"]
[WhiteElo "2450"]
[BlackElo "2632"]
[TimeControl "180+1"]
[EndTime "14:26:49 PDT"]
[Termination "Hilary46 won by resignation"]

1. e4 e5 2. Nf3 Nc6 3. Bb5 a6 4. Ba4 Nf6 5. O-O Nxe4 6. d4 b5 7.
Bb3 d5 8. dxe5 Be6 9. Qe2 Be7 10. Rd1 O-O 11. c4 bxc4 12. Bxc4 Bc5 13. Be3 Bxe3 14.
Qxe3 Qb8 15. Bb3 Qb6 16. Qxb6 cxb6 17. Nbd2 Nc5 18. Rac1 Rac8 19. Bc2 Nb4 20. a3 Nxc2 21. Rxc2 Nd3 22. Rxc8 Rxc8 23. b4 Rc3 24. Nb1 Rc1 25.
Rxc1 Nxc1 26. Kf1 Kf8 27. Ke1 Nd3+ 28. Ke2 Nf4+ 29. Kf1 Bf5 30. Nc3 Bd3+ 31. Kg1 Bc4 32. Nd4 Ke7 33. g3 Ne6 34. Nce2 Bxe2 35. Nxe2 Kd7 36. f4 g6 37. Kf2 Kc6 38. Ke3 Kb5 39.
Nd4+ Kc4 40. Nf3 Kc3 41. g4 d4+ 42. Ke4 d3 43. f5 Ng5+ 44. Nxg5 d2 45. Nxf7 d1=Q 46.
e6 Qd4+ 47. Kf3 gxf5 48. gxf5 a5 49. bxa5 bxa5 50. Ng5 Kd3 51. Nf7 Qe4+ 0-1

[Event "Late-Titled-Tuesday-Blitz-October-03-2023"]
[Site "Chess.com"]
[Date "2023.10.03"]
[Round "3"]
[White "Dhaydon19"]
[Black "Ducke13"]
[Result "1-0"]
[WhiteElo "2741"]
[BlackElo "2483"]
[TimeControl "180+1"]
[EndTime "14:26:51 PDT"]
[Termination "Dhaydon19 won by checkmate"]

1. d4 Nf6 2. Nc3 g6 3. e4 d6 4. f3 Bg7 5. Be3 c5 6. Nge2 cxd4 7. Nxd4 Nc6 8. Qd2 h5 9. h4 a6 10. Bc4 Bd7 11. Bb3 Qc7 12. O-O-O b5 13. Kb1 Na5 14. Nd5 Nxd5 15. Bxd5 Rc8 16. Nb3 Nc4 17. Bxc4 bxc4 18. Nd4 c3 19. Qxc3 Qxc3 20. bxc3 Rxc3 21.
Rd3 Rc4 22. Nb3 O-O 23. Bd4 Rb8 24. Bxg7 Kxg7 25. Kc1 Ra4 26. Kb2 Be6 27. Rc3 Rb7 28. Rd1 a5 29. Ka1 Ra3 30. Kb2 Ra4 31. a3 Rc4 32.
Rxc4 Bxc4 33. Rd4 Bf1 34. g3 Be2 35. f4 e5 36. fxe5 dxe5 37. Ra4 Bf3 38. Rxa5 Bxe4 39.
Rxe5 Bf5 40. a4 Rc7 41. Rc5 Ra7 42. a5 Be6 43. Nd4 Bd7 44. c4 Kf6 45. Kc3 Ke7 46.
Rd5 Be6 47. Nc6+ Kf6 48. Nxa7 Bxd5 49. cxd5 Ke5 50. Kc4 Kd6 51. Nb5+ Kd7 52. a6 Kc8 53. d6 f5 54. a7 Kb7 55. d7 f4 56. d8=Q fxg3 57.
a8=Q# 1-0

[Event "Late-Titled-Tuesday-Blitz-October-03-2023"]
[Site "Chess.com"]
[Date "2023.10.03"]
[Round "3"]
[White "Mikedannnn"]
[Black "carlospaul1990"]
[Result "1-0"]
[WhiteElo "2556"]
[BlackElo "2332"]
[TimeControl "180+1"]
[EndTime "14:26:52 PDT"]
[Termination "Mikedannnn won by resignation"]

1. e4 c5 2. Nf3 d6 3. d4 cxd4 4. Nxd4 Nf6 5. Nc3 a6 6. f4 e5 7. Nf3 Nbd7 8. a4 Qc7 9. Bd3 Be7 10. O-O O-O 11. Kh1 Nc5 12. Qe1 Re8 13. fxe5 dxe5 14. Qg3 Bg4 15. Bg5 Bxf3 16. Qxf3 Ncd7 17. a5 Rf8 18. Bh4 Rac8 19. Qh3 Qd6 20. Rf3 Qe6 21. Raf1 Qxh3 22. Rxh3 Rfe8 23. Nd5 Nxd5 24. exd5 Bxh4 25. Rxh4 g6 26. Rb4 Nc5 27. Bc4 Kg7 28. Ba2 f5 29.
Rb6 Red8 30. b4 Ne4 31. c4 Rd7 32. c5 Nc3 33. Bb3 Nxd5 34. Rd1 Rcd8 35. Rxd5 Rxd5 36.
Bxd5 Rxd5 37. Rxb7+ Kf6 38. h4 f4 39. c6 Rd1+ 40. Kh2 Rc1 41. b5 e4 42. bxa6 e3 43. a7 e2 44. a8=Q e1=Q 45. Qd8+ Kf5 46. Qg5+ Ke4 47.
Re7+ Kd3 48. Rxe1 Rxe1 49. c7 1-0

[Event "Late-Titled-Tuesday-Blitz-October-03-2023"]
[Site "Chess.com"]
[Date "2023.10.03"]
[Round "3"]
[White "Haykoooo0o"]
[Black "HamedWafa4"]
[Result "1/2-1/2"]
[WhiteElo "2443"]
[BlackElo "2612"]
[TimeControl "180+1"]
[EndTime "14:26:53 PDT"]
[Termination "Game drawn by repetition"]

1. d4 Nf6 2. Nf3 c5 3. e3 b6 4. Bd3 Bb7 5. c3 g6 6. Nbd2 Bg7 7. O-O O-O 8. Qe2 d6 9. Re1 Nbd7 10. e4 e5 11. dxe5 Nxe5 12. Nxe5 dxe5 13. Nf3 Qc7 14.
Bg5 Ne8 15. Rad1 Nd6 16. Nd2 f6 17. Bh4 Rad8 18. Nf1 c4 19. Bc2 b5 20. a3 a6 21.
f3 Nf7 22. Ne3 h5 23. Rxd8 Rxd8 24. Rd1 Rxd1+ 25. Qxd1 Qd6 26. Qxd6 Nxd6 27. Bf2 Kf7 28. Kf1 Ke6 29. Ke2 Bf8 30. h3 Be7 31. g4 hxg4 32. hxg4 Bd8 33. Nd5 f5 34. gxf5+ gxf5 35. Bc5 fxe4 36.
fxe4 Nxe4 37. Bxe4 Bxd5 38. Bc2 Bg5 39. Be3 Bxe3 40.
Kxe3 Kd6 41. Bf5 Bb7 42. Bg4 a5 43. Bh5 Bc6 44. Bg4 Ke7 45. Be2 a4 46. Bg4 Kf6 47.
Bc8 Kg5 48. Be6 Kh4 49. Bf5 Kg3 50. Be4 Bd7 51. Bd5 Be8 52. Ke4 Kf2 53. Kxe5 Ke2 54.
Kd4 Kd2 55. Kc5 Kc2 56. Kb4 Kxb2 57. Be4 Bd7 58. Bd5 Bf5 59. Bc6 Bc2 60. Bxb5 Bb3 61.
Ba6 Ka2 62. Bb5 Kb2 63. Bd7 Kc2 64. Bb5 Kb2 1/2-1/2

[Event "Late-Titled-Tuesday-Blitz-October-03-2023"]
[Site "Chess.com"]
[Date "2023.10.03"]
[Round "3"]
[White "MasterKroket"]
[Black "bazar-wokzal"]
[Result "0-1"]
[WhiteElo "2388"]
[BlackElo "2586"]
[TimeControl "180+1"]
[EndTime "14:26:53 PDT"]
[Termination "bazar-wokzal won by checkmate"]

1. e4 Nc6 2. Nf3 d5 3. exd5 Qxd5 4. Nc3 Qa5 5. d4 Bg4 6. h3 Bxf3 7. Qxf3 O-O-O 8. d5 Nb4 9. Bd3 Nf6 10. O-O Nbxd5 11. Bd2 e6 12. Ne4 Qb6 13. Nxf6 gxf6 14. c4 Nb4 15. Bxb4 Bxb4 16. a3 Bc5 17. b4 Bd4 18.
Rad1 Qc6 19. Be4 Qa6 20. Qb3 f5 21. Bf3 e5 22. c5 e4 23. Bh5 f4 24. Bxf7 e3 25.
fxe3 fxe3 26. Be6+ Kb8 27. Bc4 Qg6 28. Kh1 Rhe8 29.
Be2 Qg3 30. Rf3 Qg5 31. Rf7 Be5 32. Rxd8+ Rxd8 33. Rf3 Bf4 34. Qf7 Bg3 35. Rf1 Bf2 36.
Qe6 a5 37. Bf3 Qg6 38. Qc4 Qd3 39. Qf7 Qxf1+ 40. Kh2 Qg1# 0-1

[Event "Late-Titled-Tuesday-Blitz-October-03-2023"]
[Site "Chess.com"]
[Date "2023.10.03"]
[Round "3"]
[White "roxannyzoldyck"]
[Black "ChadBiryani"]
[Result "1-0"]
[WhiteElo "2235"]
[BlackElo "2499"]
[TimeControl "180+1"]
[EndTime "14:26:53 PDT"]
[Termination "roxannyzoldyck won on time"]

1. e4 d5 2. exd5 Qxd5 3. Nc3 Qd6 4. Bc4 Nf6 5. d3 Nc6 6. h3 h6 7. Nf3 Bf5 8. Nb5 Qd7 9. Bf4 Rc8 10. Qd2 a6 11. Nc3 e6 12. O-O-O Bb4 13. g4 Bh7 14.
Rde1 b5 15. Bb3 Nd4 16. Nxd4 Qxd4 17. Be5 Qd7 18. f4 c5 19. f5 c4 20. dxc4 Qxd2+ 21. Kxd2 O-O 22. cxb5 exf5 23. gxf5 Bxf5 24. Bxf6 gxf6 25.
bxa6 Rfd8+ 26. Kc1 Rd6 27. Ne4 Rxa6 28. c3 Bf8 29. Rhf1 Bg6 30. h4 h5 31. Ng3 Bh6+ 32.
Kd1 Rd6+ 33. Ke2 Re8+ 34. Kf2 Rd2+ 35. Ne2 1-0

[Event "Late-Titled-Tuesday-Blitz-October-03-2023"]
[Site "Chess.com"]
[Date "2023.10.03"]
[Round "3"]
[White "Defenstrator"]
[Black "RebecaJimnz"]
[Result "1/2-1/2"]
[WhiteElo "2444"]
[BlackElo "2199"]
[TimeControl "180+1"]
[EndTime "14:26:53 PDT"]
[Termination "Game drawn by repetition"]

1. Nh3 g6 2. g3 Bg7 3. Bg2 d5 4. O-O Nf6 5. d3 O-O 6. Nc3 e5 7. e4 d4 8. Ne2 c5 9. f4 Nc6 10. f5 b5 11. g4 Nxg4 12. Ng3 Ne3 13. Bxe3 dxe3 14. c3 Qb6 15. Kh1 Rd8 16. Ng5 c4 17.
Nxf7 Kxf7 18. fxg6+ Kg8 19. Qh5 hxg6 20. Qxg6 Qc7 21.
Nh5 Rd6 22. Qe8+ Kh7 23. Rf7 Qxf7 24. Qxf7 Rg6 25. Nxg7 Rxg7 26. Qh5+ Kg8 27. Qe8+ Kh7 28. Qxc6 cxd3 29. Qxa8 e2 30. Qxc8 d2 31. Qh3+ Kg8 32. Qe6+ Kh7 33. Qf5+ Kg8 34. Qc8+ Kh7 35. Qh3+ Kg8 36.
Qe6+ Kh7 37. Qf5+ Kg8 38. Qe6+ 1/2-1/2

[Event "Late-Titled-Tuesday-Blitz-October-03-2023"]
[Site "Chess.com"]
[Date "2023.10.03"]
[Round "3"]
[White "ChristopherYoo"]
[Black "RETURNOFTHELAGGER"]
[Result "1-0"]
[WhiteElo "2995"]
[BlackElo "2669"]
[TimeControl "180+1"]
[EndTime "14:26:54 PDT"]
[Termination "ChristopherYoo won by resignation"]

1. d4 Nf6 2. c4 g6 3. Nf3 Bg7 4. g3 O-O 5. Bg2 d6 6. O-O c6 7. Nc3 Qa5 8. h3 e5 9. e4 Nbd7 10. d5 cxd5 11. cxd5 Nc5 12. Nd2 b5 13. a3 b4 14. Nc4 Qa6 15. axb4 Qxa1 16. bxc5 Ba6 17.
Nxd6 Bxf1 18. Qxf1 Ne8 19. Ndb5 Qa5 20. Be3 Rb8 21. Qe2 a6 22. Na3 f5 23. exf5 gxf5 24.
Nc4 Qa1+ 25. Qf1 Qxf1+ 26. Kxf1 f4 27. gxf4 exf4 28. Bd2 f3 29. Bh1 Rb4 30. Ne3 Rxb2 31.
Ke1 Rf4 32. d6 Bf6 33. Ned5 Rf5 34. d7 Re5+ 35. Kd1 Rxd2+ 36. Kxd2 Bg5+ 37. Kd3 Ng7 38. c6 Ne6 39. Bxf3 Kf7 40. Bh5+ Kg7 41. Bg4 Nc5+ 42. Kd4 1-0

[Event "Late-Titled-Tuesday-Blitz-October-03-2023"]
[Site "Chess.com"]
[Date "2023.10.03"]
[Round "3"]
[White "Harsha_Bharathakoti"]
[Black "Lady_Nika"]
[Result "1-0"]
[WhiteElo "2920"]
[BlackElo "2549"]
[TimeControl "180+1"]
[EndTime "14:26:54 PDT"]
[Termination "Harsha_Bharathakoti won on time"]

1. d4 d5 2. Nf3 e6 3. c4 f5 4. Bf4 Nf6 5. e3 c6 6. Nc3 Bd6 7. Qc2 O-O 8. Bd3 Ne4 9. Bxd6 Qxd6 10. Ne5 Nd7 11. f4 Nxe5 12. fxe5 Qe7 13. Bxe4 fxe4 14.
O-O-O Bd7 15. Rdf1 Qg5 16. Qe2 b6 17. g3 Rxf1+ 18.
Rxf1 Be8 19. Rf4 Bh5 20. g4 Bg6 21. Qf2 Qe7 22. h4 Rd8 23. cxd5 exd5 24. Kb1 a6 25. h5 Bf7 26. Ne2 c5 27. Ng3 Be6 28. Nf5 Qd7 29. h6 cxd4 30. Nxd4 Rc8 31. hxg7 Kxg7 32.
Qh4 Re8 33. Rf6 Qa4 34. Rf1 Qd7 35. Qf6+ Kg8 36. Nf5 Bxf5 37. Rxf5 Qg7 38. Rg5 1-0

[Event "Late-Titled-Tuesday-Blitz-October-03-2023"]
[Site "Chess.com"]
[Date "2023.10.03"]
[Round "3"]
[White "Rud_Makarian"]
[Black "jk13"]
[Result "1-0"]
[WhiteElo "2962"]
[BlackElo "2660"]
[TimeControl "180+1"]
[EndTime "14:26:55 PDT"]
[Termination "Rud_Makarian won by resignation"]

1. d4 Nf6 2. c4 e6 3. Nf3 Bb4+ 4. Bd2 Bxd2+ 5. Qxd2 O-O 6. Nc3 d5 7. h4 Qe7 8. h5 Rd8 9. h6 g6 10. e3 dxc4 11. Bxc4 c5 12. O-O-O Nc6 13. Qe2 a6 14. dxc5 Rxd1+ 15. Rxd1 Qxc5 16. Kb1 b5 17. Bb3 Bb7 18.
Qd3 Qe7 19. Ne4 Rd8 20. Nxf6+ Qxf6 21. Qc2 Qe7 22. Rxd8+ Qxd8 23. Qc3 Qf8 24. Ng5 Qxh6 25. Nxe6 g5 26. Nc5 Bc8 27. a3 Qd6 28. Ka2 Qe5 29.
Qxe5 Nxe5 30. f4 gxf4 31. exf4 Ng6 32. g3 h5 33. Bc2 Kf8 34. b4 Ke7 35. Kb3 Kd6 36.
Kc3 Ne7 37. Kd4 Bf5 38. Bb3 Nc6+ 39. Ke3 a5 40. Nb7+ Kc7 41. Nxa5 Nxa5 42. bxa5 f6 43. Kd4 Kb7 44. Kc5 Ka6 45. Kb4 Be4 46. Bd1 Bg6 47.
Be2 Be8 48. a4 1-0

[Event "Late-Titled-Tuesday-Blitz-October-03-2023"]
[Site "Chess.com"]
[Date "2023.10.03"]
[Round "3"]
[White "zajka-molotok"]
[Black "Inepton_Fermion"]
[Result "0-1"]
[WhiteElo "2564"]
[BlackElo "2396"]
[TimeControl "180+1"]
[EndTime "14:26:55 PDT"]
[Termination "Inepton_Fermion won on time"]

1. e4 c5 2. Nf3 e6 3. g3 Nc6 4.
Bg2 d5 5. exd5 exd5 6. d4 Nf6 7. O-O cxd4 8. Nxd4 Be7 9. Nc3 O-O 10. h3 h6 11. Be3 Re8 12. Qd2 Ne5 13. b3 Bb4 14. a3 Ba5 15. Rad1 Bxh3 16. Bxh3 Ne4 17.
Nxe4 Bxd2 18. Nxd2 Qa5 19. a4 Rad8 20. Rfe1 a6 21.
Bf4 Ng6 22. Rxe8+ Rxe8 23. Be3 Qc3 24. Nf1 Ne5 25. Bg2 Rd8 26. Bf4 Ng6 27. Bc1 Ne5 28. Ne3 Qc5 29. Bb2 Ng6 30. Ndf5 d4 31. Nxd4 Qc8 32.
Rd3 f6 33. Bd5+ Kh8 34. Be4 Ne5 35. Rd1 Qc7 36. f4 Nf7 37. Nd5 Qd7 38. Nf3 Re8 0-1

[Event "Late-Titled-Tuesday-Blitz-October-03-2023"]
[Site "Chess.com"]
[Date "2023.10.03"]
[Round "3"]
[White "KamilGrycel"]
[Black "ozates"]
[Result "1-0"]
[WhiteElo "2472"]
[BlackElo "2623"]
[TimeControl "180+1"]
[EndTime "14:26:57 PDT"]
[Termination "KamilGrycel won by resignation"]

1. d4 Nf6 2. Nf3 d5 3. Bf4 e6 4.
e3 Bd6 5. Bg3 O-O 6. Nbd2 Ne4 7.
Nxe4 dxe4 8. Nd2 f5 9. Bc4 Kh8 10. Bb3 a5 11. a4 b6 12. Nc4 Nc6 13. Nxd6 cxd6 14. d5 exd5 15. Qxd5 Bb7 16. Qxd6 Nb4 17. Qxd8 Raxd8 18. Bc7 Rc8 19. Bxb6 Nxc2+ 20. Bxc2 Rxc2 21. O-O Rxb2 22. Bxa5 Ra8 23. Bc3 Rc2 24. Bd4 Bc6 25.
a5 Bb5 26. Rfb1 Ba6 27. h4 h6 28. Rb6 Kh7 29. Rab1 Rc7 30. Rd6 Bd3 31. Ra1 Ba6 32. Re6 Rf7 33. Rb1 f4 34. Ra1 fxe3 35. Bxe3 Bd3 36.
a6 Rc7 37. a7 Rb7 38. Rd6 Rc7 39. Bd4 Rb7 40. Be3 Rc7 41. Kh2 Rb7 42. Kg3 Rc7 43. Rb6 Raxa7 44. Rxh6+ gxh6 45. Bxa7 Rg7+ 46. Kh2 Rf7 47. Be3 Rf6 48. Ra5 Kg6 49. h5+ Kg7 50.
Bd4 Kf7 51. Bxf6 Kxf6 52. Kg3 Bc2 1-0

[Event "Late-Titled-Tuesday-Blitz-October-03-2023"]
[Site "Chess.com"]
[Date "2023.10.03"]
[Round "3"]
[White "dennisodessa"]
[Black "tdf98pantani"]
[Result "0-1"]
[WhiteElo "2469"]
[BlackElo "2689"]
[TimeControl "180+1"]
[EndTime "14:26:58 PDT"]
[Termination "tdf98pantani won on time"]

1. d4 Nf6 2. c4 g6 3. Nc3 Bg7 4.
e4 d6 5. f3 O-O 6. Be3 c5 7. dxc5 dxc5 8. Qxd8 Rxd8 9. Bxc5 Nc6 10. Nge2 Nd7 11. Be3 Nde5 12. Nf4 e6 13. Rd1 Bd7 14.
Be2 Na5 15. c5 Nec4 16. Bc1 Rac8 17. Nd3 Bxc3+ 18. bxc3 Ba4 19. Bg5 Bxd1 20. Kxd1 Rd7 21. Kc2 Kg7 22. h4 f6 23. Bc1 e5 24. h5 g5 25. g4 h6 26. Rd1 b6 27. cxb6 Nxb6 28.
Nb4 Rxd1 29. Bxd1 Nc6 30. Nxc6 Rxc6 31. Be2 Rc7 32. Be3 Na4 33. c4 Nc5 34. Kc3 a5 35. Bd1 Kf7 36. Bc2 Ke6 37. Bd2 Kd6 38. Be3 Rb7 39. Bd2 Rb4 40. Bc1 Kc6 41. Ba3 Rb8 42.
Bc1 Rb7 43. Ba3 Rd7 44. Bc1 Kb6 45. Be3 Kc6 46. Bc1 Rd8 47. Be3 Ne6 48. Ba4+ Kc7 49. c5 Nd4 50. Bd1 Kc6 51. Kc4 Rb8 52. Ba4+ Kc7 53.
Bd1 Nc6 54. Kd5 Rd8+ 0-1

[Event "Late-Titled-Tuesday-Blitz-October-03-2023"]
[Site "Chess.com"]
[Date "2023.10.03"]
[Round "3"]
[White "subham777"]
[Black "LuisFSiles"]
[Result "1-0"]
[WhiteElo "2532"]
[BlackElo "2285"]
[TimeControl "180+1"]
[EndTime "14:26:59 PDT"]
[Termination "subham777 won on time"]

1. e4 c6 2. c4 e5 3. Nc3 d6 4. g3 Nf6 5. Bg2 Be7 6. Nge2 O-O 7. O-O Nbd7 8. d3 a6 9. f4 b5 10. f5 Bb7 11. h3 Nb6 12. b3 d5 13. cxd5 cxd5 14. g4 dxe4 15. g5 exd3 16. gxf6 Bc5+ 17. Kh2 Bxg2 18. fxg7 Bxf1 19. gxf8=Q+ Qxf8 20. Qxf1 dxe2 21. Qxe2 Bd4 22. Bb2 Rc8 23. Ne4 Bxb2 24. Qxb2 f6 25. Rg1+ Kh8 26. Qf2 Nd5 27. Qh4 Rc2+ 28. Kh1 Rc7 29. Rg6 Rg7 30. Qh6 Qg8 31. h4 Nf4 32. h5 Nxg6 33. hxg6 Qa8 34. Qh4 h5 35. Kh2 Kg8 36.
Nxf6+ Kf8 37. Nxh5 Qf3 38. Nxg7 Qe2+ 39. Kh3 Qf3+ 40.
Qg3 Qf1+ 41. Qg2 Qd3+ 42. Kh2 Kxg7 43. Qf2 Kf6 44. Qh4+ 1-0

[Event "Late-Titled-Tuesday-Blitz-October-03-2023"]
[Site "Chess.com"]
[Date "2023.10.03"]
[Round "3"]
[White "esrosenberg"]
[Black "Alina_Gumerovna"]
[Result "1-0"]
[WhiteElo "2362"]
[BlackElo "2114"]
[TimeControl "180+1"]
[EndTime "14:26:59 PDT"]
[Termination "esrosenberg won on time"]

1. Nf3 Nf6 2. c4 g6 3. Nc3 Bg7 4. e4 d6 5. d4 O-O 6. h3 Nbd7 7. e5 Ne8 8. e6 fxe6 9. Ng5 Ndf6 10. Bd3 d5 11.
O-O Nd6 12. b3 Nf5 13. Be3 h6 14. Nf3 Nxe3 15. fxe3 g5 16. Ne5 b6 17. h4 c5 18. hxg5 hxg5 19. Qf3 dxc4 20. bxc4 cxd4 21. Qxa8 dxc3 22. Rad1 Qc7 23. Ng6 Qg3 24. Nxf8 Ng4 25. Rf3 Qh2+ 26. Kf1 Bxf8 27. Rxf8+ Kxf8 28. Qxc8+ Kg7 29. Be4 Nxe3+ 30. Ke2 Nxd1 31. Kxd1 Qg1+ 32. Kc2 Qf2+ 33. Kxc3 Qe3+ 34. Bd3 Qe5+ 35. Kc2 g4 36. Qe8 Qf6 37.
Qc6 Qf2+ 38. Kb3 Kf6 39. Qe4 1-0

[Event "Late-Titled-Tuesday-Blitz-October-03-2023"]
[Site "Chess.com"]
[Date "2023.10.03"]
[Round "3"]
[White "BeanScreen"]
[Black "FairChess_on_YouTube"]
[Result "1-0"]
[WhiteElo "2724"]
[BlackElo "3035"]
[TimeControl "180+1"]
[EndTime "14:27:01 PDT"]
[Termination "BeanScreen won by resignation"]

1. e4 Nc6 2. Nf3 e5 3. Bc4 Nf6 4. d3 Be7 5. O-O O-O 6. Re1 d6 7. a4 Be6 8. Bxe6 fxe6 9. c3 Kh8 10. b4 Qe8 11. Be3 Nh5 12. Nbd2 Qg6 13. Nf1 Rf6 14. b5 Na5 15. Nh4 Qf7 16. Bg5 Nf4 17. Bxf6 Bxf6 18. Nf3 Rf8 19. Ne3 Qg6 20. Kh1 Bg5 21. Nc4 Nxc4 22. dxc4 Bh6 23. Rg1 Qxe4 24. c5 Nd3 25.
Qf1 Nxc5 26. Re1 Qxa4 27. Ra1 Qb3 28. Rxa7 Qxc3 29. Qa1 Qc2 30. Ra8 Qf5 31. Rxf8+ Qxf8 32. Qa5 Nd3 33. Rf1 e4 34. Qc3 e5 35. Kg1 Nf4 36.
Qxc7 exf3 37. Qxb7 Ne2+ 38. Kh1 fxg2+ 39. Qxg2 g6 40.
Ra1 Qf5 41. Qa8+ Kg7 42. Ra7+ Kf6 43. Qd8+ Ke6 44. Qg8+ Kf6 45. Rf7+ Kg5 46. Rxf5+ Kxf5 47. b6 1-0

[Event "Late-Titled-Tuesday-Blitz-October-03-2023"]
[Site "Chess.com"]
[Date "2023.10.03"]
[Round "3"]
[White "as9killer2"]
[Black "MikaelyanArman"]
[Result "0-1"]
[WhiteElo "2491"]
[BlackElo "2862"]
[TimeControl "180+1"]
[EndTime "14:27:02 PDT"]
[Termination "MikaelyanArman won on time"]

1. c4 c5 2. Nc3 g6 3. g3 Bg7 4. Bg2 d6 5. a3 Nc6 6. Rb1 Nf6 7. b4 O-O 8. b5 Ne5 9. d3 a6 10. f4 Ned7 11. Bd2 Ng4 12. Qc1 h5 13. h3 Nh6 14. e4 axb5 15. Nxb5 f5 16. Nf3 Nf6 17.
Qc2 fxe4 18. dxe4 Nxe4 19. Qxe4 Bf5 20. Qe2 Bxb1 21. Qe6+ Kh8 22. g4 Qc8 23. Qe2 e5 24. Nxd6 Qe6 25. fxe5 Rxa3 26. Bxh6 Bxh6 27. g5 Bg7 28. Qb2 Raxf3 29. Bxf3 Bxe5 30. Qxb1 Rxf3 31. Ne4 Bd4 32. Kd1 Qxc4 33. Nd2 Qd5 34. Qxg6 Ra3 35.
Qxh5+ Kg8 36. Qe8+ Kg7 37. Qe7+ Qf7 38. Qxf7+ Kxf7 39. Rf1+ Kg6 40. h4 b5 0-1

[Event "Late-Titled-Tuesday-Blitz-October-03-2023"]
[Site "Chess.com"]
[Date "2023.10.03"]
[Round "3"]
[White "luizzy"]
[Black "maracayo"]
[Result "1-0"]
[WhiteElo "2614"]
[BlackElo "2405"]
[TimeControl "180+1"]
[EndTime "14:27:02 PDT"]
[Termination "luizzy won on time"]

1. b3 d6 2. Bb2 e5 3. e3 Nf6 4. d4 exd4 5. Qxd4 Be7 6. Nf3 O-O 7.
Nc3 c5 8. Qd2 d5 9. Be2 Nc6 10.
O-O h6 11. Rad1 Be6 12. h3 a6 13. a4 Qc7 14. Na2 Ne4 15. Qc1 Rad8 16. c4 Na5 17. Qc2 Bf5 18. Bd3 dxc4 19. bxc4 Rxd3 20. Rxd3 Nd6 21. Nd2 Bxd3 22. Qxd3 Rd8 23. Qe2 Qb6 24.
Bc3 Nc6 25. Rb1 Qc7 26. Ba1 Bf8 27. Nc3 Nb4 28. e4 Re8 29. Nd5 Nxd5 30. cxd5 Qd7 31.
e5 Nf5 32. Qc4 Nd4 33. Bxd4 cxd4 34. Qxd4 Rd8 35. Nf3 b5 36. axb5 axb5 37. Rd1 Qf5 38. Qb6 Rc8 39. Qxb5 Qc2 40. Qd3 Qa2 41. d6 1-0

[Event "Late-Titled-Tuesday-Blitz-October-03-2023"]
[Site "Chess.com"]
[Date "2023.10.03"]
[Round "3"]
[White "lluiss"]
[Black "GiorgianBarbosa"]
[Result "0-1"]
[WhiteElo "2167"]
[BlackElo "2395"]
[TimeControl "180+1"]
[EndTime "14:27:04 PDT"]
[Termination "GiorgianBarbosa won by resignation"]

1. e4 c6 2. d4 d5 3. exd5 cxd5 4. Bd3 Nf6 5. h3 g6 6. Nf3 Bg7 7. O-O O-O 8. c3 Nc6 9. Bf4 Bf5 10. Bxf5 gxf5 11. Ne5 e6 12. Nxc6 bxc6 13. Be5 Ne4 14. Bxg7 Kxg7 15. Nd2 Kh8 16. Nxe4 dxe4 17. f3 e3 18. f4 Rg8 19. Qe2 Qd5 20. Rf3 Rg6 21. Kh2 Rag8 22. g3 h5 23. h4 Rg4 24. Qxe3 Kh7 25. Raf1 Qxa2 26. R1f2 Qd5 27. Qe5 Qd8 28.
Kh3 Rxh4+ 29. Kg2 Rhg4 30. Rf1 h4 31. Rh1 Rxg3+ 32. Rxg3 Rxg3+ 33. Kf2 Rg4 34. Qc5 Rxf4+ 35. Ke3 Qg5 36. Kd3 Qg2 37. Qxa7 Kg6 38. Qa1 Qf3+ 39. Kc4 Qd5+ 40. Kb4 Qb5+ 41. Ka3 Qa5+ 42. Kb3 Qxa1 43. Rxa1 h3 44. Rh1 Rh4 45. Kc4 h2 46. Kd3 Kg5 47.
Ke3 Rh3+ 48. Kf2 Kg4 49. Kg2 f6 50. b4 Rxc3 51. Kxh2 Rh3+ 52. Kg2 Rxh1 53. Kxh1 Kf4 0-1